 Dungeon Crawl Stone Soup version 0.27.1-33-g824d729ab1 (webtiles) character file.

Game seed: 18125234082509693861

302 Atelerd the Digger (level 6, -3/36 HPs)
             Began as an Octopode Earth Elementalist on Dec 23, 2021.
             Slain by Terence (12 damage)
             ... on level 3 of the Dungeon.
             The game lasted 00:02:48 (2621 turns).

Atelerd the Digger (Octopode Earth Elementalist)    Turns: 2621, Time: 00:02:48

Health: -3/36      AC:  1    Str:  8    XL:     6   Next: 37%
Magic:  4/11       EV: 13    Int: 19    God:
Gold:   113        SH:  0    Dex: 12    Spells: 3/12 levels left

rFire    . . .     SeeInvis .   e - +2 dagger (pain)
rCold    . . .     Faith    .   (no shield)
rNeg     . . .     Spirit   .   (helmet restricted)
rPois    .         Reflect  .   (no amulet)
rElec    .         Harm     .   (no ring)
rCorr    .         Rampage  .   (no ring)
Will     .....                  (no ring)
Stlth    +++.......             (no ring)
HPRegen  0.12/turn              (no ring)
MPRegen  0.12/turn              (no ring)
                                (no ring)
                                (no ring)

@: no status effects
A: almost no armour, amphibious, 8 rings, camouflage 1, gelatinous body 1,
(nimble swimmer 1), tentacles
a: no special abilities


You were on level 3 of the Dungeon.
You visited 1 branch of the dungeon, and saw 3 of its levels.

You collected 113 gold pieces.

Inventory:

Hand Weapons
 c - a +0 dagger
 e - a +2 dagger of pain (weapon)
Missiles
 b - 13 stones
 f - a throwing net
Scrolls
 a - 2 scrolls of immolation {unknown}
 d - a scroll of teleportation {unknown}
 h - 2 scrolls of identify {unknown}


   Skills:
 - Level 2.0 Dodging
 + Level 4.0 Stealth
 + Level 3.6 Spellcasting
 - Level 3.0 Transmutations
 + Level 4.5 Earth Magic
 + Level 1.3 Poison Magic


You had 3 spell levels left.
You knew the following spells:

 Your Spells              Type           Power      Damage    Failure   Level
a - Sandblast             Erth           40%        2d10      2%          1
b - Olgreb's Toxic Radia  Pois           8%         N/A       63%         4
p - Petrify               Tmut/Erth      17%        N/A       30%         4

Your spell library contained the following spells:

 Spells                   Type           Power      Damage    Failure   Level
 Passwall                 Tmut/Erth      14%        N/A       4%          2
 Sting                    Tmut/Pois      44%        1d5       6%          1
 Apportation              Tloc           6%         N/A       14%         1
 Poisonous Vapours        Pois/Air       12%        N/A       16%         2
 Stone Arrow              Conj/Erth      24%        3d8       17%         3
 Alistair's Intoxication  Tmut/Pois      7%         N/A       85%         5
 Invisibility             Hex            1%         N/A       100%        6


Dungeon Overview and Level Annotations

Branches:
Dungeon (3/15)

Altars:
Ashenzari
Nemelex Xobeh

Annotations:
D:1 exclusion: downstairs
D:2 exclusions: 2 downstairs and 1 more exclusion
D:3 Terence


Innate Abilities, Weirdness & Mutations

You cannot wear most types of armour.
You are amphibious.
You can wear up to eight rings at the same time.
Your skin changes colour to match your surroundings (Stealth+).
Your rubbery body absorbs attacks. (AC +1, EV +1)
((You are camouflaged near water. (Stealth+)))
You have tentacles for arms and can constrict up to eight enemies at once.


Message History

Confirm with . or Enter, or press ? or * to list all spells.
The spell is extremely dangerous to cast (30% risk of failure)!
Continue anyway?
Aiming: Petrify (extremely dangerous; 30% risk of failure)
Press: ? - help, Shift-Dir - straight line, f - Terence
Aim: Terence, wielding a +2 vampiric trident and wearing a +0 scale mail (wandering, hasn't noticed you, chance to affect: 56%) Terence resists with significant effort.
Terence hits you from afar with a +2 vampiric trident.
Unknown command.
Casting: Petrify (extremely dangerous; 30% risk of failure)
Confirm with . or Enter, or press ? or * to list all spells.
The spell is extremely dangerous to cast (30% risk of failure)!
Continue anyway?
Aiming: Petrify (extremely dangerous; 30% risk of failure)
Press: ? - help, Shift-Dir - straight line, f/p - Terence
Aim: Terence, wielding a +2 vampiric trident and wearing a +0 scale mail (chance to affect: 56%)
You miscast Petrify.
You are very lightly contaminated with residual magic.
You feel a surge of energy from the ground.
Terence barely misses you.
The gnoll shouts!
You hear a shout!
The gnoll shouts!
The gnoll hits you with a +0 club. The gnoll hits you with a +0 hand axe!
* * * LOW HITPOINT WARNING * * *
Your magical contamination has completely faded away.
Okay, then.
Casting: Petrify (extremely dangerous; 30% risk of failure)
Confirm with . or Enter, or press ? or * to list all spells.
Okay, then.
Okay, then.
You feel better. Terence barely misses you. The gnoll hits you with a +0 whip.
* * * LOW HITPOINT WARNING * * *
The gnoll barely misses you. The gnoll misses you.
Unknown command.
Casting: Petrify (extremely dangerous; 30% risk of failure)
Confirm with . or Enter, or press ? or * to list all spells.
Aiming: Sandblast (safe; 2% risk of failure)
Press: ? - help, Shift-Dir - straight line, f/p - Terence
Aim: Terence, wielding a +2 vampiric trident and wearing a +0 scale mail (83% to hit)
The blast of sand misses Terence.
Terence hits you from afar with a +2 vampiric trident!
You die...

#..# .... ###.##..#
#......# #####.#.#### #
####.......# ###8#
#........####8...8.?.8##
#..........##.........##
#.....ggg#.#_...(.....>#
#.
#######@.####.........##
#. #...## ##8...8...8##
.## ####@### #8###8##
..#
#....##################
#.#
#......................
#.#
##..(.############..####
##.#####.....# ##.#
#........##### #.##
###.>####### #..#


You could see Terence and 3 gnolls.

Vanquished Creatures
  Purgy (D:3)
  A black bear (D:3)
  Jessica (D:3)
  A gnoll (D:3)
  3 adders (D:2)
  A worm (D:2)
  4 bats
  4 endoplasms (D:1)
  4 giant cockroaches (D:2)
  4 goblins
  8 hobgoblins
  3 jackals (D:2)
  6 kobolds
  A quokka (D:2)
  2 ball pythons
  A frilled lizard (D:1)
  5 rats
50 creatures vanquished.

Notes
Turn   | Place    | Note
-------+----------+-------------------------------------------
     0 | D:1      | Atelerd the Octopode Earth Elementalist began the quest for
                  | the Orb.
     0 | D:1      | Reached XP level 1. HP: 11/11 MP: 3/3
     5 | D:1      | Found a faded altar of an unknown god.
   265 | D:1      | Reached XP level 2. HP: 15/17 MP: 3/5
   987 | D:2      | Reached XP level 3. HP: 20/21 MP: 0/6
  1564 | D:2      | Reached XP level 4. HP: 18/27 MP: 4/8
  1918 | D:3      | Noticed Terence
  1943 | D:2      | Learned a level 4 spell: Petrify
  2123 | D:3      | Noticed a black bear
  2204 | D:3      | Noticed Jessica
  2210 | D:3      | Killed Jessica
  2240 | D:3      | Noticed Purgy
  2259 | D:3      | Killed Purgy
  2260 | D:3      | Reached XP level 5. HP: 27/31 MP: 1/10
  2265 | D:3      | Learned a level 4 spell: Olgreb's Toxic Radiance
  2403 | D:3      | Found a broken altar of Ashenzari.
  2516 | D:3      | Found a sparkling altar of Nemelex Xobeh.
  2544 | D:3      | Killed a black bear
  2545 | D:3      | Reached skill level 1 in Poison Magic
  2545 | D:3      | Reached XP level 6. HP: 36/36 MP: 5/11
  2621 | D:3      | Slain by Terence

Illustrated notes

Levels and vault maps discovered:
D:1:      dpeg_arrival_short_road, layout_basic,
          hellmonk_ecumenical_altar_pennies_from_heaven, minmay_small_reverse_x
D:2:      layout_rooms
D:3:      layout_rooms, ashenzari_conservatory_becter,
          nicolae_overflow_hidden_temple, goddamned_bats, uniq_jessica,
          uniq_purgy, uniq_terence

Skill      XL: |  1  2  3  4  5 |
---------------+----------------+-----
Transmutations | 2 3 |  3.0
Spellcasting   | 3 |  3.6
Stealth        | 3 4 |  4.0
Earth Magic    | 4 |  4.5
Poison Magic   | 1 |  1.3
Dodging        | |  2.0

Action                   |  1- 3 |  4- 6 || total
-------------------------+-------+-------++-------
Melee: Unarmed           |     2 |       ||     2
       Dagger            |    23 |    35 ||    58
       Constrict         |     6 |     8 ||    14
       Tentacles         |     4 |     7 ||    11
 Cast: Sandblast         |    37 |    19 ||    56
       Petrify           |       |     2 ||     2
  Use: Potion            |       |     1 ||     1
 Stab: Sleeping          |     2 |       ||     2
       Petrified         |       |     7 ||     7
Armor: Skin              |     4 |     3 ||     7
Dodge: Dodged            |    31 |    24 ||    55
